 Dungeon Crawl Stone Soup version 0.28-a0-1213-g0243856f03 (webtiles) character file.

Game seed: 9141073842621977767

23 Artemis1503 the Shield-Bearer (level 3, 0/23 HPs)
             Began as a Gargoyle Fighter on Dec 21, 2021.
             Slain by an orc (1 damage)
             ... on level 1 of the Dungeon.
             The game lasted 00:03:30 (1045 turns).

Artemis1503 the Shield-Bearer (Gargoyle Fighter)    Turns: 1045, Time: 00:03:32

Health: 0/23       AC: 10    Str: 21    XL:     3   Next: 0%
Magic:  3/3        EV:  9    Int:  8    God:
Gold:   17         SH:  4    Dex:  9    Spells: 2/2 levels left

rFire   . . .      SeeInvis .   a - +0 war axe
rCold   . . .      Faith    .   c - +0 buckler
rNeg    + . .      Spirit   .   b - +0 scale mail
rPois   ∞          Reflect  .   (no helmet)
rElec   +          Harm     .   (no cloak)
rCorr   .          Rampage  .   (no gloves)
Will    .....                   (no boots)
Stlth   ..........              (no amulet)
HPRegen 0.07/turn               (no ring)
MPRegen 0.08/turn               (no ring)

@: no status effects
A: sickness immunity, AC +3, negative energy resistance 1, electricity
resistance, torment resistance 1, petrification resistance
a: no special abilities


You were on level 1 of the Dungeon.
You visited 1 branch of the dungeon, and saw 2 of its levels.

You collected 17 gold pieces.

Inventory:

Hand Weapons
 a - a +0 war axe (weapon)
Armour
 b - a +0 scale mail (worn)
 c - a +0 buckler (worn)
Scrolls
 f - a scroll of teleportation {unknown}
 g - a scroll of enchant weapon {unknown}
 h - a scroll of identify {unknown}
Potions
 d - a potion of might
 e - a potion of curing {unknown}
 i - a potion of heal wounds {unknown}


   Skills:
 + Level 3.5 Fighting
 * Level 2.3 Axes
 + Level 3.4 Armour
 + Level 0.2 Dodging
 + Level 3.6 Shields


You had 2 spell levels left.
You didn't know any spells.
Your spell library contained the following spells:

 Spells                   Type           Power      Damage    Failure   Level
 Static Discharge         Conj/Air       0%         N/A       88%         2
 Lightning Bolt           Conj/Air       0%         1d11      100%        5
 Maxwell's Capacitive Co  Air            0%         ∞         100%        8


Dungeon Overview and Level Annotations

Branches:
Dungeon (2/15)

Altars:

Shops:
D:1 [


Innate Abilities, Weirdness & Mutations

You are immune to sickness and miasma.
Your stone body is resilient. (AC +3)
You are immune to poison.
You resist negative energy. (rN+)
You are resistant to electric shocks. (rElec)
You are resistant to unholy torment.
You are immune to petrification.


Message History

The ball python is moderately wounded.
A hobgoblin comes into view.
The ball python bites you. The ball python completely misses you.
The ball python bites you but does no damage.
You block the ball python's attack.
You slash the ball python!
You kill the ball python!
You closely miss the frilled lizard. The frilled lizard closely misses you.
The kobold barely misses you.
The frilled lizard bites you but does no damage.
You block the kobold's attack.
You climb upwards.
There is a stone staircase leading down here.
You slash the frilled lizard!
You kill the frilled lizard!
You slash the kobold!
You kill the kobold!
You have reached level 3!
Your experience leads to an increase in your attributes!
Increase (S)trength, (I)ntelligence, or (D)exterity?
You feel stronger. x2
You start resting.
HP restored.
You climb downwards.
The orc hits you but does no damage. The gnoll hits you but does no damage.
The orc hits you with a +0 war axe. The gnoll hits you with a +0 flail.
There is a stone staircase leading up here.
The orc barely misses you. You block the gnoll's attack.
You climb upwards.
There is a stone staircase leading down here.
You barely miss the orc. You slash the gnoll! You block the orc's attack.
The gnoll hits you with a +0 flail!
You hit the orc.
The orc is almost dead.
You hit the gnoll.
You kill the gnoll!
The orc hits you with a +0 war axe!
* * * LOW HITPOINT WARNING * * *
The orc hits you with a +0 war axe.
You die...

###.### #.#
#######.# #.#
........# #.#
.######## #.# .#
#.# ## #.# # ###.#
# ##############
#...# #
#.........)@†#
#.###
######.##########o#
#.# .......# #.#
#.# ######## #.#
#.# #.########.#
#..........#
############


You could see an orc.

Vanquished Creatures
  A gnoll (D:1)
  4 ball pythons
  2 giant cockroaches (D:1)
  2 goblins
  4 hobgoblins (D:1)
  2 kobolds
  A quokka (D:1)
  2 bats (D:1)
  2 frilled lizards (D:1)
20 creatures vanquished.

Notes
Turn   | Place    | Note
-------+----------+-------------------------------------------
     0 | D:1      | Artemis1503 the Gargoyle Fighter began the quest for the
                  | Orb.
     0 | D:1      | Reached XP level 1. HP: 14/14 MP: 1/1
    20 | D:1      | Found Zytalera's Antique Armour Shop.
   380 | D:1      | Reached XP level 2. HP: 17/19 MP: 2/2
   407 | D:1      | Found a faded altar of an unknown god.
  1021 | D:1      | Reached XP level 3. HP: 21/23 MP: 3/3
  1045 | D:1      | HP: 1/23 [orc (8)]
  1045 | D:1      | Slain by an orc

Illustrated notes

Levels and vault maps discovered:
D:1:      minmay_arrival_checkered_box, layout_loops_ring,
          ebering_ecumenical_altar_sacrificial, serial_shops, shop_fountains
D:2:      layout_basic, basic_altar, fountainhead, minmay_circle_x, uniq_jessica

Skill      XL: |  1  2 |
---------------+-------+-----
Axes           | 2 |  2.3
Fighting       | |  3.5
Armour         | |  3.4
Dodging        | |  0.2
Shields        | |  3.6

Action                   || total
-------------------------++-------
Melee: War axe           ||    72
Armor: Scale mail        ||    46
Dodge: Dodged            ||    38
Block: Buckler           ||    20

Table legend: (Time is in decaauts)
 A = Elapsed time spent in this place.
 B = Non-inter-level travel time spent in this place.
 C = Inter-level travel time spent in this place.
 D = Time resting spent in this place.
 E = Time spent auto-exploring this place.
 F = Levels seen in this place.
 G = Mean time per level.
                   A        B        C        D        E       F      G
               +--------+--------+--------+--------+--------+-----+--------+
         Total |   1078 |    989 |     89 |    343 |    432 |   2 |  539.0 |
       Dungeon |   1078 |    989 |     89 |    343 |    432 |   2 |  539.0 |
               +--------+--------+--------+--------+--------+-----+--------+

Top non-repeatable levels by time:
     D:1: 1018 daAuts
     D:2: 59 daAuts
